 Dungeon Crawl Stone Soup version 0.23-a0-143-g1adec7b (webtiles) character file.

146 iamserjio the Caller (level 5, 0/35 HPs)
             Began as an Octopode Summoner on Sept 2, 2018.
             Slain by a phantom (10 damage)
             ... on level 4 of the Dungeon.
             The game lasted 00:05:38 (4397 turns).

iamserjio the Caller (Octopode Summoner)            Turns: 4397, Time: 00:05:39

Health: 0/35       AC:  1    Str:  7    XL:     5   Next: 28%
Magic:  6/8        EV: 13    Int: 19    God:
Gold:   199        SH:  0    Dex: 12    Spells: 4/8 levels left

rFire    . . .     SeeInvis .     - Unarmed
rCold    . . .     Gourm    .   (no shield)
rNeg     . . .     Faith    .   (helmet restricted)
rPois    .         Spirit   .   (no amulet)
rElec    .         Reflect  .   (no ring)
rCorr    .         Harm     .   (no ring)
MR       .....                  (no ring)
Stlth    +++.......             (no ring)
HPRegen  0.11/turn              (no ring)
MPRegen  0.11/turn              (no ring)
                                (no ring)
                                (no ring)

@: no status effects
A: almost no armour, stealthy swim, amphibious, 8 rings, constrict 8, camouflage
1, gelatinous body 1
a: no special abilities


You were on level 4 of the Dungeon.
You were not hungry.

You visited 1 branch of the dungeon, and saw 4 of its levels.

You collected 199 gold pieces.

Inventory:

Missiles
 h - 30 arrows
Armour
 i - a +0 large shield
Jewellery
 d - an uncursed ring of see invisible {unknown}
 l - an uncursed amulet of magic regeneration {unknown}
Scrolls
 c - a scroll of immolation {unknown}
 e - 3 scrolls of teleportation
 f - a scroll of blinking {unknown}
 g - a scroll of identify {unknown}
Potions
 a - 2 potions of haste {unknown}
 j - a potion of magic {unknown}
 m - a potion of degeneration {unknown}
Comestibles
 b - 9 rations
 k - a chunk of flesh


   Skills:
 + Level 2.5 Fighting
 - Level 2.0 Dodging
 - Level 2.6 Stealth
 * Level 3.8 Unarmed Combat
 - Level 2.0 Spellcasting
 - Level 4.0 Summonings


You had 4 spell levels left.
You knew the following spells:

 Your Spells              Type           Power        Failure   Level  Hunger
a - Summon Small Mammal   Summ           ###.         3%          1    #......
b - Call Canine Familiar  Summ           ###.....     10%         3    ###....

Your spell library contained the following spells:

 Spells                   Type           Power        Failure   Level  Hunger
 Call Imp                 Summ           ###.....     4%          2    ###....
 Beastly Appendage        Tmut           #.....       17%         1    #......
 Summon Guardian Golem    Hex/Summ       #.......     22%         3    ###....
 Sticks to Snakes         Tmut           #.......     26%         2    ###....
 Spider Form              Tmut/Pois      #.........   45%         3    ###....
 Summon Ice Beast         Ice/Summ       #.......     58%         4    #####..
 Summon Lightning Spire   Summ/Air       #.......     58%         4    #####..
 Ice Form                 Ice/Tmut       #.......     86%         4    #####..
 Blade Hands              Tmut           #.........   99%         5    ######.


Dungeon Overview and Level Annotations

Branches:
Dungeon (4/15)
 Temple: D:4-7

Altars:
Ashenzari
Hepliaklqana
Kikubaaqudgha
Qazlal
Uskayaw
Zin
The Shining One

Annotations:
D:4 1 exclusion, Dowan


Innate Abilities, Weirdness & Mutations

You cannot wear most types of armour.
You are very stealthy in the water. (Stealth+)
You are amphibious.
You can wear up to eight rings at the same time.
You can use your tentacles to constrict eight enemies at once.
Your skin changes colour to match your surroundings (Stealth+).
Your rubbery body absorbs attacks. (AC +1, EV +1)


Message History

You tentacle-slap the phantom.
The phantom is moderately damaged.
Your hound closely misses the phantom.
The phantom hits you!
The phantom blinks!
Your hound barely misses the phantom. x2; The phantom hits your hound.
Your hound barely misses the phantom.
The phantom hits you!
You closely miss the phantom.
The phantom is moderately damaged.
Your hound bites the phantom.
Your hound bites the phantom but does no damage.
The phantom barely misses you.
You closely miss the phantom.
The phantom is moderately damaged.
Your hound bites the phantom but does no damage.
The phantom hits you.
* * * LOW HITPOINT WARNING * * *
You barely miss the phantom.
The phantom is moderately damaged.
Your hound bites the phantom.
The phantom hits you!
You die...

#......'....#
#......#....#
#......#....#
########....##...#######
##....#..#'####..........
#............#.....#.....
#............#.....#.....
#............#.....#.....
#......h@....#.....#.....
#......W.....#.....#.....
#............#.....#.....
#............#.....#)....
########..##.##..####.###
#..# .# ## .... . .... .
. .


You could see a phantom and a friendly hound.

Vanquished Creatures
  A bullfrog skeleton (D:4)
  4 adders
  An ooze (D:4)
  2 worms (D:2)
  2 dart slugs
  2 orcs (D:3)
  2 ball pythons
  6 bats
  3 giant cockroaches
  10 goblins
  9 hobgoblins
  5 jackals
  6 kobolds
  A quokka (D:2)
  5 frilled lizards
  2 rats (D:1)
61 creatures vanquished.

Vanquished Creatures (collateral kills)
  A leopard gecko (D:1)
  A bat (D:1)
  A giant cockroach (D:3)
  A goblin (D:2)
  A hobgoblin (D:2)
  2 jackals (D:4)
  A frilled lizard (D:4)
  A rat (D:1)
9 creatures vanquished.

Grand Total: 70 creatures vanquished

Notes
Turn   | Place    | Note
-------+----------+-------------------------------------------
     0 | D:1      | iamserjio the Octopode Summoner began the quest for the
                  | Orb.
     0 | D:1      | Reached XP level 1. HP: 11/11 MP: 3/3
   282 | D:1      | Reached skill level 1 in Unarmed Combat
   491 | D:1      | Reached XP level 2. HP: 14/18 MP: 1/5
   742 | D:1      | Reached skill level 1 in Fighting
  1198 | D:1      | Reached XP level 3. HP: 13/23 MP: 6/6
  1357 | D:1      | Found a glowing golden altar of the Shining One.
  1781 | D:2      | Learned a level 3 spell: Call Canine Familiar
  2168 | D:2      | Reached XP level 4. HP: 17/29 MP: 2/7
  2733 | D:2      | Found a hazy altar of Hepliaklqana.
  2830 | D:2      | Found an ancient bone altar of Kikubaaqudgha.
  2830 | D:2      | Found a glowing silver altar of Zin.
  2832 | D:2      | Found a hide-covered altar of Uskayaw.
  2833 | D:2      | Found a stormy altar of Qazlal.
  2834 | D:2      | Found a shattered altar of Ashenzari.
  4026 | D:4      | Noticed Dowan
  4059 | D:4      | Reached XP level 5. HP: 11/35 MP: 4/8
  4385 | D:4      | Noticed a phantom
  4397 | D:4      | Slain by a phantom

Vault maps used:
D:1:      elethiomel_arrival_shortcut, tso_metal_star
D:2:      minitemple, minmay_goblin_kobold_house
D:3:      first_ration
D:4:      uniq_duvessa

Skill      XL: |  1  2  3  4 |
---------------+-------------+-----
Unarmed Combat | 1 2 3 |  3.8
Fighting       | 1 2 |  2.5
Dodging        | |  2.0
Stealth        | |  2.6
Spellcasting   | |  2.0
Summonings     | |  4.0

Action                   |  1- 3 |  4- 6 || total
-------------------------+-------+-------++-------
Melee: Unarmed           |    96 |    98 ||   194
       Constrict         |    25 |    24 ||    49
       Tentacles         |    18 |     6 ||    24
 Cast: Summon Small Mamm |     7 |       ||     7
       Call Canine Famil |     3 |     6 ||     9
  Use: Scroll            |       |     1 ||     1
 Stab: Sleeping          |     9 |     7 ||    16
  Eat: Chunk             |     4 |     8 ||    12
Armor: Skin              |     6 |     6 ||    12
Dodge: Dodged            |    67 |    50 ||   117

Table legend:
 A = Non-vault XP
 B = Vault XP
 C = Vault XP percentage of total XP
 D = Non-vault monster count
 E = Vault monster count
 F = Vault count percentage of total count
                 A         B        C        D         E       F
            +---------+---------+-------+---------+---------+-------
      Total |     199 |      10 |   4.8 |      64 |       6 |   8.6
            +---------+---------+-------+---------+---------+-------
        D:1 |      41 |       0 |   0.0 |      23 |       0 |   0.0
        D:2 |      58 |      10 |  14.7 |      16 |       6 |  27.3
        D:3 |      37 |       0 |   0.0 |      17 |       0 |   0.0
        D:4 |      63 |       0 |   0.0 |       8 |       0 |   0.0
            +---------+---------+-------+---------+---------+-------
